 Dungeon Crawl Stone Soup version 0.31-a0-799-g6bc09d010c (webtiles) character file.

Game seed: 1440586387676680992

61 arthad the Firebug (level 3, -10/20 HPs)
             Began as a Deep Elf Fire Elementalist on Sept 19, 2023.
             Mangled by a gnoll
             ... wielding a +0 flail
              (11 damage)
             ... on level 2 of the Dungeon.
             The game lasted 00:03:00 (1817 turns).

arthad the Firebug (Deep Elf Fire Elementalist)     Turns: 1817, Time: 00:03:00

Health: -10/20     AC:  3    Str:  5    XL:     3   Next: 83%
Magic:  7/10       EV: 12    Int: 21    God:
Gold:   190        SH:  4    Dex: 15    Spells: 8/9 levels left

rFire   . . .        (no weapon)
rCold   . . .        c - +0 buckler
rNeg    . . .        a - +0 robe
rPois   .            (no helmet)
rElec   .            i - +0 cloak
rCorr   .            (no gloves)
SInv    .            (no boots)
Will    .....        (no amulet)
Stlth   ++           (no ring)
HPRegen 0.23/turn    (no ring)
MPRegen 0.12/turn

%: no passive effects
@: no status effects
A: no striking features
a: no special abilities


You were on level 2 of the Dungeon.
You visited 1 branch of the dungeon, and saw 3 of its levels.

You collected 190 gold pieces.

Inventory:

Missiles
 m - 6 javelins
Armour
 a - a +0 robe (worn)
 c - a +0 buckler (worn)
 i - a +0 cloak (worn)
Jewellery
 l - an amulet of guardian spirit
Scrolls
 d - a scroll of vulnerability {unknown}
 e - a scroll of fear {unknown}
 f - 2 scrolls of enchant weapon {unknown}
 g - 3 scrolls of identify {unknown}
 j - 2 scrolls of revelation {unknown}
 k - 2 scrolls of poison {unknown}
Potions
 b - a potion of magic
 h - a potion of ambrosia {unknown}
 n - a potion of lignification {unknown}


   Skills:
 + Level 0.4 Fighting
 + Level 2.7 Dodging
 + Level 2.9 Stealth
 + Level 0.5 Shields
 * Level 3.6 Spellcasting
 * Level 2.0 Conjurations
 * Level 3.9 Fire Magic


You had 8 spell levels left.
You knew the following spells:

 Your Spells              Type           Power      Damage    Failure   Level
a - Foxfire               Conj/Fire      64%        2x1d7     7%          1

Your spell library contained the following spells:

 Spells                   Type           Power      Damage    Failure   Level
 Scorch                   Fire           40%        2d6       7%          2
 Summon Small Mammal      Summ           12%        N/A       24%         1
 Inner Flame              Hex/Fire       12%        N/A       30%         3
 Volatile Blastmotes      Fire/Tloc      24%        2d12      30%         3
 Call Canine Familiar     Summ           3%         N/A       56%         3
 Summon Guardian Golem    Hex/Summ       3%         N/A       56%         3
 Flame Wave               Conj/Fire      16%        2d7       56%         4
 Manifold Assault         Tloc           3%         N/A       93%         4
 Dispersal                Tloc           1%         N/A       100%        6
 Disjunction              Tloc           1%         N/A       100%        8


Dungeon Overview and Level Annotations

Branches:
Dungeon (3/15)

Altars:
Xom


Message History

You kill the adder!
Your Conjurations skill increases to level 2!
You see here an adder corpse.
Found a shimmering altar of Xom.
You now have 175 gold pieces (gained 12).
You see here an adder corpse.
There is a stone staircase leading up here.
You now have 190 gold pieces (gained 15). 3 gnolls come into view.
A gnoll is wielding a +0 spear.
The gnoll shouts! x2
A gnoll comes into view. It is wielding a +0 flail.
The gnoll misses you.
The gnoll moves out of view.
The gnoll attacks as it pursues you! The gnoll closely misses you.
You conjure some foxfire!
There is a stone staircase leading up here.
You conjure some foxfire!
The foxfire hits the gnoll!
The gnoll is heavily wounded.
You conjure some foxfire!
The foxfire hits the gnoll.
The gnoll is severely wounded.
The gnoll misses you. x2
You climb upwards.
Your summoned ally is left behind.
There is a stone staircase leading down here.
You conjure some foxfire!
The gnoll hits you with a +0 flail!
Ouch! That really hurt!
* * * LOW HITPOINT WARNING * * *
You barely miss the gnoll.
The gnoll is severely wounded.
The foxfire hits the gnoll.
The gnoll is almost dead.
The gnoll barely misses you. The gnoll hits you with a +0 flail.
* * * LOW HITPOINT WARNING * * *
You are too injured to fight recklessly!
Casting: Foxfire (safe; 7% risk of failure)
Press: ? - help, Q - select action, (/) - cycle Dir - look around, f - activate You conjure some foxfire!
The gnoll hits you with a +0 flail!
Ouch! That really hurt!
You die...

##.####.#.#.# #...........#
#######.#.####################
#.#....†........##......
#.#############.##.####.
#.#.....# #.##...##. #.##.##.#
#.##.####. #.##.##v# #.##.# #.
#...).g@# #....# #.
####.##########.#### ##
#.#..........########
##########.#.#######..........
#........#.#.#........########
#######.##...#.#####.#####....
#.######.# #.......### #.# #.#
######### #.# #.#


You could see a gnoll (ally target).

Vanquished Creatures
  3 adders
  A worm (D:2)
  A dart slug (D:2)
  2 endoplasms (D:2)
  A giant cockroach (D:1)
  6 goblins
  3 hobgoblins
  4 kobolds
  3 quokkas (D:2)
  2 bats
  A frilled lizard (D:1)
  A rat (D:2)
28 creatures vanquished.

Vanquished Creatures (others)
  82 foxfires
82 creatures vanquished.

Grand Total: 110 creatures vanquished

Notes
Turn   | Place    | Note
-------+----------+-------------------------------------------
     0 | D:1      | arthad the Deep Elf Fire Elementalist began the quest for
                  | the Orb.
     0 | D:1      | Reached XP level 1. HP: 10/10 MP: 6/6
   417 | D:1      | Reached XP level 2. HP: 15/15 MP: 5/8
   756 | D:2      | Reached XP level 3. HP: 19/19 MP: 2/9
  1735 | D:3      | Found a shimmering altar of Xom.
  1816 | D:2      | HP: 1/20 [gnoll/+0 flail (5)]
  1817 | D:2      | Mangled by a gnoll

Illustrated notes

Levels and vault maps discovered:
D:1:      psy_arrival_spokes, layout_rooms, minmay_misc_feat_diagonals,
          kennysheep_decorative_pillar, dreamdust_princess_corridor
D:2:      layout_basic
D:3:      layout_loops_ring, marbit_many_paths, okawaru_altar_gauntlet_db,
          mainiacjoe_overflow_alcove_4, gammafunk_temple_overflow_elements,
          minmay_distorted

Skill      XL: |  1  2  3 |
---------------+----------+-----
Conjurations   | 2 |  2.0
Fighting       | |  0.4
Dodging        | |  2.7
Stealth        | |  2.9
Shields        | |  0.5
Spellcasting   | |  3.6
Fire Magic     | |  3.9

Action                     || total
---------------------------++-------
  Melee: Unarmed           ||     2
   Cast: Foxfire           ||    53
 Armour: Robe              ||     6
  Dodge: Dodged            ||     9
  Block: Buckler           ||     2

Table legend: (Time is in decaauts)
 A = Elapsed time spent in this place.
 B = Non-inter-level travel time spent in this place.
 C = Inter-level travel time spent in this place.
 D = Time resting spent in this place.
 E = Time spent auto-exploring this place.
 F = Levels seen in this place.
 G = Mean time per level.
                   A        B        C        D        E       F      G
               +--------+--------+--------+--------+--------+-----+--------+
         Total |   1817 |   1739 |     78 |      0 |   1526 |   3 |  605.7 |
       Dungeon |   1817 |   1739 |     78 |      0 |   1526 |   3 |  605.7 |
               +--------+--------+--------+--------+--------+-----+--------+

Top non-repeatable levels by time:
     D:2: 1054 daAuts
     D:1: 634 daAuts
     D:3: 128 daAuts
